 Dungeon Crawl Stone Soup version 0.20.1-1-g8b1a95d (webtiles) character file.

56092 doot the Cleaver (level 13, -3/100 (101) HPs)
             Began as a Demonspawn Gladiator on July 14, 2017.
             Was the Champion of Jiyva.
             Slain by an orc knight
             ... wielding a +0 long sword
              (7 damage)
             ... on level 2 of the Orcish Mines.
             The game lasted 01:27:26 (24880 turns).

doot the Cleaver (Demonspawn Gladiator)            Turns: 24880, Time: 01:27:27

HP:   -3/100 (101)  AC: 17    Str: 22    XL:     13   Next: 89%
MP:   14/16         EV: 14    Int: 13    God:    Jiyva [******]
Gold: 1422          SH:  0    Dex:  9    Spells: 14/17 levels left

rFire    . . .     SeeInvis +   a - +0 battleaxe (flame)
rCold    + + .     Gourm    .   (shield currently unavailable)
rNeg     . . .     Faith    .   k - +2 chain mail {rC+}
rPois    .         Spirit   .   (helmet unavailable)
rElec    .         Reflect  .   (no cloak)
rCorr    +         Harm     .   H - +2 pair of gloves
MR       .....                  q - +1 pair of boots
Stlth    ..........             b - amulet of rage
Regen    0.3/turn               v - ring of protection from cold
MPRegen  0.2/turn               G - +4 ring of evasion

@: invisible
A: antennae 3, yellow scales 1, powered by pain 3, spiny 2, acidic bite,
pseudopods 1, evolution 1, jelly absorbing missiles
}: 1/15 runes: slimy
a: Request Jelly, Slimify, Cure Bad Mutation, Renounce Religion, Evoke Berserk
Rage


You were on level 2 of the Orcish Mines.
You worshipped Jiyva.
Jiyva was exalted by your worship.
You were completely stuffed.

You visited 5 branches of the dungeon, and saw 27 of its levels.
You also visited: Labyrinth.

You collected 1422 gold pieces.

Inventory:

Hand Weapons
 a - a +0 battleaxe of flaming (weapon)
 D - the +10 hand crossbow of Pestilence {freeze, rN++ Str+4, unknown}
   (You found it on level 5 of the Pits of Slime)

   It causes projectiles fired from it to freeze those they strike, causing
   extra injury to most foes and up to half again as much damage against
   particularly susceptible opponents.
   They can also slow down cold-blooded creatures.
   It affects your strength (+4).
   It greatly protects you from negative energy.
Missiles
 d - 3 throwing nets (quivered)
 w - 7 silver javelins
Armour
 k - a +2 chain mail of cold resistance (worn)
 q - a +1 pair of boots (worn)
 y - a +0 plate armour
 H - a +2 pair of gloves (worn)
 I - the +3 leather armour of Qehil {rElec rF+++ Str-3 Int-3}
   (You found it on level 5 of the Pits of Slime)

   It affects your strength (-3).
   It affects your intelligence (-3).
   It renders you almost immune to fire.
   It insulates you from electricity.
 L - a +2 large shield
 X - a +0 pair of boots of stealth
Magical Staves
 Q - an uncursed staff of earth
Jewellery
 b - an amulet of rage (around neck)
 o - an uncursed ring of poison resistance
 v - a ring of protection from cold (left hand)
 G - a +4 ring of evasion (right hand)
Wands
 K - a wand of flame (7/48)
 O - a wand of digging (8/24)
 T - a wand of iceblast (1/15)
 U - a wand of lightning (8/15)
Scrolls
 e - 4 scrolls of remove curse
 i - 2 scrolls of enchant armour
 j - 2 scrolls of blinking
 n - a scroll of enchant weapon
 p - a scroll of fear
 r - 4 scrolls of teleportation
 s - 8 scrolls of identify
 u - 5 scrolls of immolation
 z - 3 scrolls of fog
 E - 2 scrolls of recharging
 V - 3 scrolls of amnesia
Potions
 g - 6 potions of curing
 l - 3 potions of might
 t - a potion of brilliance
 B - a potion of flight
 C - 4 potions of ambrosia
Books
 x - a book of Party Tricks

   Spells                             Type                      Level
   a - Summon Butterflies             Summoning                    1
   b - Apportation                    Translocation                1
   c - Lesser Beckoning               Translocation                3
   d - Tukima's Dance                 Hexes                        3
   e - Alistair's Intoxication        Transmutation/Poison         5
   f - Invisibility                   Hexes                        6
 A - the Papyrus of Evil Magic
   (You found it on level 5 of the Pits of Slime)

   Spells                             Type                      Level
   a - Animate Skeleton               Necromancy                   1
   b - Corpse Rot                     Necromancy                   2
   c - Sublimation of Blood           Necromancy                   2
   d - Death Channel                  Necromancy                   6
 M - a book of Debilitation

   Spells                             Type                      Level
   a - Corona                         Hexes                        1
   b - Slow                           Hexes                        2
   c - Inner Flame                    Hexes/Fire                   3
   d - Portal Projectile              Hexes/Translocation          3
   e - Cause Fear                     Hexes                        4
   f - Leda's Liquefaction            Hexes/Earth                  4
 N - a book of Callings

   Spells                             Type                      Level
   a - Summon Small Mammal            Summoning                    1
   b - Call Imp                       Summoning                    2
   c - Call Canine Familiar           Summoning                    3
   d - Summon Guardian Golem          Hexes/Summoning              3
   e - Summon Lightning Spire         Summoning/Air                4
   f - Summon Ice Beast               Ice/Summoning                4
 P - a book of Air

   Spells                             Type                      Level
   a - Shock                          Conjuration/Air              1
   b - Swiftness                      Charms/Air                   2
   c - Static Discharge               Conjuration/Air              3
   d - Airstrike                      Air                          4
   e - Lightning Bolt                 Conjuration/Air              5
 W - a Fen Folio

   Spells                             Type                      Level
   a - Corpse Rot                     Necromancy                   2
   b - Stone Arrow                    Conjuration/Earth            3
   c - Leda's Liquefaction            Hexes/Earth                  4
   d - Summon Forest                  Summoning/Translocation      5
   e - Hydra Form                     Transmutation                6
   f - Summon Hydra                   Summoning                    7
 Y - a book of Spatial Translocations

   Spells                             Type                      Level
   a - Blink                          Translocation                2
   b - Shroud of Golubria             Charms/Translocation         2
   c - Lesser Beckoning               Translocation                3
   d - Gell's Gravitas                Translocation                3
   e - Teleport Other                 Translocation                3
   f - Passage of Golubria            Translocation                4
 Z - a book of the Warp

   Spells                             Type                      Level
   a - Gell's Gravitas                Translocation                3
   b - Portal Projectile              Hexes/Translocation          3
   c - Force Lance                    Conjuration/Translocation    4
   d - Dispersal                      Translocation                6
   e - Controlled Blink               Translocation                8
   f - Disjunction                    Translocation                8
Miscellaneous
 F - a phantom mirror


   Skills:
 + Level 9.1 Fighting
   Level 2.0 Short Blades
 + Level 14.2 Axes
   Level 1.5(9.6) Polearms
 + Level 2.0 Throwing
 + Level 9.8 Armour
 + Level 6.1 Dodging
 + Level 3.8 Stealth
 + Level 2.6 Spellcasting
 * Level 9.5 Summonings
 + Level 1.2 Evocations


You had 14 spell levels left.
You knew the following spells:

 Your Spells              Type           Power        Failure   Level  Hunger
a - Call Canine Familiar  Summ           ####....     9%          3    ###....


Dungeon Overview and Level Annotations

Branches:
Dungeon (13/15)            Temple (1/1) D:4            Lair (6/6) D:8
 Shoals (0/4) Lair:4        Snake (0/4) Lair:4        Slime (5/5) Lair:5
    Orc (2/2) D:11            Elf (0/3) Orc:2
 Vaults: D:13-14

Altars:
Ashenzari
Cheibriados
Dithmenos
Elyvilon
Fedhas
Gozag
Hepliaklqana
Kikubaaqudgha
Makhleb
Nemelex Xobeh
Okawaru
Qazlal
Ru
Sif Muna
Trog
Uskayaw
Vehumet
Xom
Yredelemnul
Zin
The Shining One
Beogh
Jiyva

Shops:
D:11 %   Orc:2 %

Portals:
Trove: D:12 (show abyssal rune of Zot)

Annotations:
Slime:5 Royal Jelly


Innate Abilities, Weirdness & Mutations

You have a pair of large antennae on your head. (SInv)
You are partially covered in yellow scales. (AC +2)
You are powered by pain.
You are mostly covered in sharp spines.
You have acidic saliva.
Armour fits poorly on your pseudopods.
You evolve.
You have a small jelly attached to you that may absorb incoming projectiles.


Message History

The orc wizard seems to speed up.
The orc knight is struck by your spines.
The orc knight hits you with a long sword!
The orc warrior hits you with a hand axe!
* * * LOW HITPOINT WARNING * * *
The orc warrior closely misses your hound.
The two-headed ogre is struck by your spines.
The two-headed ogre barely misses you.
The two-headed ogre hits you with a giant spiked club.
* * * LOW HITPOINT WARNING * * *
Your hound barely misses the orc warrior.
You fade into invisibility!
The orc wizard casts a spell at you.
The puff of flame hits the orc warrior.
Your hound bites the orc warrior but does no damage.
The orc warrior is struck by your spines.
The orc warrior hits you with a hand axe!!
* * * LOW HITPOINT WARNING * * *
The orc knight hits you with a long sword!
You die...

####....#..............
##......................
#......8.8..............
#......(................
#.....##.''##............
##..###.....### .........
#.# #8...8# ...###... #..
##)).## ##.. .. #@o.#
.....#. #...)oO.'...#
......# #...#.oh#...#
....... #####.8o#####
....#.. #..o#o ...####
'...' .#. #...#. #...###


You could see an orc knight, a two-headed ogre, 2 orc warriors, an orc wizard,
an orc and a friendly hound.

Vanquished Creatures
  Gastronok (Lair:1)
  A minotaur (Lab)
  Fannar (Lair:1)
  Erolcha (Orc:1)
  4 hydras
  2 two-headed ogres
  The ghost of Oddysee the Protected, a novice MiFi of Ru (D:10)
  Urug (Lair:5)
  2 unseen horrors
  An orc knight (Orc:1)
  3 orc sorcerers
  An ugly thing (D:11)
  A cyclops (D:11)
  Joseph (D:8)
  The ghost of appiemonkey the Ducker, a novice OpTm (D:5)
  5 elephants (Lair:5)
  9 spiny frogs
  2 centaur skeletons
  A black mamba (Lair:2)
  2 rime drakes
  5 komodo dragons
  A minotaur zombie (Lab)
  6 trolls
  2 hornets
  2 slime creatures (Lair:5)
  3 blink frogs (Lair:4)
  7 dream sheep (Lair:5)
  A snapping turtle (Lair:4)
  11 hippogriffs
  A spriggan (D:7)
  Sigmund (D:3)
  Eustachio (D:5)
  20 yaks
  A wraith (D:12)
  8 wyverns
  2 basilisks
  A steam dragon (D:10)
  A hungry ghost (D:10)
  4 wargs
  A naga (Lair:4)
  An acid dragon (D:11)
  9 water moccasins
  5 ice beasts
  6 porcupines
  24 orc warriors
  8 ogres
  4 sky beasts
  2 necrophages
  A phantom (D:7)
  13 wolves (Lair:3)
  10 centaurs
  7 crocodiles
  2 big kobolds
  7 bullfrogs
  A gnoll sergeant (Orc:2)
  A wyvern zombie (D:7)
  4 scorpions
  A killer bee (D:11)
  4 wights (D:6)
  2 howler monkeys (D:12)
  A crimson imp (D:8)
  A quasit (D:9)
  2 hounds
  22 orc priests
  2 jellies (Lair:5)
  19 orc wizards
  6 iguanas
  10 worker ants
  A killer bee zombie (D:8)
  A worker ant zombie (D:7)
  6 gnolls
  9 adders
  4 shadow imps
  An adder zombie (D:10)
  A worm (D:2)
  2 dart slugs (D:2)
  11 leopard geckos
  73 orcs
  12 bats
  12 giant cockroaches
  19 goblins
  4 hobgoblins
  11 jackals
  3 quokkas
  6 frilled lizards
  A jackal skeleton (D:6)
  11 kobolds
  A leopard gecko skeleton (D:7)
  5 rats
  A fungus (Lair:4)
  A plant (Lair:3)
491 creatures vanquished.

Vanquished Creatures (collateral kills)
  A hydra (Lair:5)
  2 yaks (Lair:2)
  An orc wizard (Orc:1)
  2 orcs (Orc:2)
6 creatures vanquished.

Vanquished Creatures (others)
  3 acid blobs
  A vault guard (D:12)
  14 slime creatures
  A wyvern (Lair:5)
  A basilisk (Lair:5)
  A steam dragon (D:12)
  An orc warrior (D:9)
  2 centaurs
  A bullfrog (D:11)
  3 wights (D:11)
  4 killer bees (D:11)
  45 jellies
  4 orc priests
  5 orc wizards
  An iguana (D:12)
  A worker ant (D:4)
  5 gnolls
  An adder (D:7)
  A shadow imp (D:12)
  A leopard gecko (D:1)
  11 orcs
  A goblin (D:11)
  A hobgoblin (D:2)
  A kobold (D:7)
  A bat (D:2)
  2 frilled lizards (D:1)
  2 rats (D:3)
  2 fungi
  4 plants
121 creatures vanquished.

Grand Total: 618 creatures vanquished

Notes
Turn   | Place    | Note
-------+----------+-------------------------------------------
     0 | D:1      | doot the Demonspawn Gladiator began the quest for the Orb.
     0 | D:1      | Reached XP level 1. HP: 16/16 MP: 1/1
   410 | D:1      | Reached skill level 3 in Axes
   547 | D:1      | Gained mutation: You are partially covered in sharp spines. [demonic ancestry]
   547 | D:1      | Reached XP level 2. HP: 21/22 MP: 2/2
  1081 | D:1      | Gained mutation: You have a pair of small antennae on your head. [demonic ancestry]
  1081 | D:1      | Reached XP level 3. HP: 27/28 MP: 3/3
  1246 | D:2      | Found a blossoming altar of Fedhas.
  1276 | D:2      | Found a bloodstained altar of Trog.
  1468 | D:2      | Reached skill level 1 in Armour
  1472 | D:2      | Gained mutation: You sometimes gain a little power by taking damage. [demonic ancestry]
  1472 | D:2      | Reached XP level 4. HP: 31/34 MP: 4/4
  1545 | D:2      | Found a shattered altar of Ashenzari.
  1677 | D:3      | Noticed Sigmund
  2021 | D:3      | Reached skill level 4 in Axes
  2021 | D:3      | Reached skill level 1 in Stealth
  2021 | D:3      | Gained mutation: You are mostly covered in sharp spines. [demonic ancestry]
  2021 | D:3      | Reached XP level 5. HP: 28/39 MP: 5/5
  3046 | D:4      | Found an iron altar of Okawaru.
  3193 | D:4      | Found a staircase to the Ecumenical Temple.
  3205 | Temple   | Entered the Ecumenical Temple
  3566 | D:4      | Reached XP level 6. HP: 43/46 MP: 6/6
  3951 | D:5      | Entered Level 5 of the Dungeon
  3976 | D:5      | Noticed appiemonkey's ghost (novice OpTm)
  4002 | D:5      | Killed appiemonkey's ghost
  4002 | D:5      | Reached skill level 5 in Axes
  4002 | D:5      | Gained mutation: You sometimes gain power by taking damage. [demonic ancestry]
  4002 | D:5      | Reached XP level 7. HP: 34/52 MP: 7/7
  4267 | D:5      | Noticed Eustachio
  4319 | D:5      | Got a faintly glowing rapier
  4322 | D:5      | Identified the +6 rapier "Embalmer" {pierce, +Fly Dex+4 Stlth+} (You found it on level 5 of the Dungeon)
  4454 | D:5      | Killed Eustachio
  4774 | D:5      | Reached skill level 6 in Axes
  4777 | D:5      | Gained mutation: You passively map a small area around you. [mutagenic meat]
  4778 | D:5      | Gained mutation: You evolve. [mutagenic meat]
  4886 | D:6      | Gained mutation: You are partially covered in yellow scales. (AC +2) [demonic ancestry]
  4886 | D:6      | Reached XP level 8. HP: 58/58 MP: 8/8
  5299 | D:6      | Reached skill level 1 in Short Blades
  5324 | D:6      | Gained mutation: You rapidly evolve. [evolution]
  5608 | D:7      | Reached skill level 7 in Axes
  5631 | D:7      | Found an ancient bone altar of Kikubaaqudgha.
  5757 | D:7      | Gained mutation: You have a pair of antennae on your head. [demonic ancestry]
  5757 | D:7      | Reached XP level 9. HP: 65/65 MP: 9/9
  6061 | D:7      | Reached skill level 5 in Armour
  6392 | D:5      | Gained mutation: Your natural rate of healing is unusually fast. [evolution]
  6392 | D:5      | Lost mutation: You rapidly evolve. [decline of evolution]
  6490 | D:3      | Found a basalt altar of Yredelemnul.
  6836 | D:3      | Killed Sigmund
  6836 | D:3      | Reached skill level 5 in Dodging
  7001 | D:8      | Reached skill level 8 in Axes
  7099 | D:8      | Learned a level 3 spell: Call Canine Familiar
  7183 | D:8      | Found a hazy altar of Hepliaklqana.
  7184 | D:8      | Found a shimmering altar of Xom.
  7184 | D:8      | Noticed a hell beast
  7185 | D:8      | Noticed a hell beast
  7185 | D:8      | Noticed a spectral ugly thing
  7214 | D:8      | Found a staircase to the Lair.
  7215 | D:8      | Noticed a komodo dragon
  7258 | D:8      | Reached skill level 1 in Summonings
  7486 | D:8      | Noticed Joseph
  7504 | D:8      | Killed Joseph
  7550 | D:8      | Reached skill level 9 in Axes
  7569 | D:8      | Found an opulent altar of Gozag.
  7774 | D:8      | Gained mutation: You can translocate small distances at will. [evolution]
  8032 | Lair:1   | Entered Level 1 of the Lair of Beasts
  8033 | Lair:1   | Noticed Gastronok
  8080 | Lair:1   | Killed Gastronok
  8080 | Lair:1   | Reached skill level 5 in Fighting
  8080 | Lair:1   | Gained mutation: You have a pair of large antennae on your head. (SInv) [demonic ancestry]
  8080 | Lair:1   | Reached XP level 10. HP: 43/74 MP: 10/10
  8167 | Lair:1   | Noticed Fannar
  8208 | Lair:1   | Killed Fannar
  8208 | Lair:1   | Reached skill level 10 in Axes
  8212 | Lair:1   | Found a labyrinth entrance.
  8221 | Lab      | Entered a labyrinth
  8466 | Lab      | Noticed a minotaur
  8615 | Lab      | Killed a minotaur
  8889 | Lab      | Got a shimmering spear
  8892 | Lab      | Identified the +5 spear "Gietuda" {flame, -Tele rElec MR+} (You found it in a labyrinth)
  9056 | Lair:1   | Reached XP level 11. HP: 50/81 MP: 11/11
  9226 | Lair:1   | Reached skill level 11 in Axes
  9234 | Lair:1   | Reached skill level 5 in Summonings
 10007 | Lair:2   | Reached skill level 1 in Spellcasting
 10631 | Lair:2   | Noticed a seven-headed hydra
 10745 | Lair:3   | Noticed a four-headed hydra
 10782 | Lair:3   | Killed a four-headed hydra
 11369 | Lair:3   | Reached skill level 1 in Polearms
 12286 | Lair:4   | Found a staircase to the Snake Pit.
 12302 | Lair:4   | Reached XP level 12. HP: 84/91 MP: 14/14
 12344 | Lair:4   | Reached skill level 12 in Axes
 12493 | Lair:4   | Found a staircase to the Shoals.
 13136 | Lair:5   | Found a staircase to the Slime Pits.
 13472 | Lair:5   | You fall through a shaft!
 13472 | Lair:6   | Entered Level 6 of the Lair of Beasts
 13678 | Lair:5   | Noticed Urug
 13709 | Lair:5   | Killed Urug
 13814 | Lair:5   | Noticed a six-headed hydra
 13823 | Lair:5   | Killed a six-headed hydra
 14291 | Lair:5   | Noticed an eight-headed hydra
 14451 | Slime:1  | Entered Level 1 of the Pits of Slime
 14451 | Slime:1  | Found a viscous altar of Jiyva.
 14451 | Slime:1  | Noticed an acid blob
 14451 | Slime:1  | Noticed an acid blob
 14453 | Slime:1  | Became a worshipper of Jiyva Jefeox the Shapeless
 14556 | Lair:5   | Killed an eight-headed hydra
 14562 | Lair:5   | Reached skill level 13 in Axes
 15589 | D:1      | Reached * piety under Jiyva
 16602 | D:4      | Reached ** piety under Jiyva
 17859 | D:6      | Gained mutation: You have a beak for a mouth. [evolution]
 17903 | D:6      | Reached *** piety under Jiyva
 17903 | D:6      | Gained mutation: Your flesh is cold resistant. (rC+) [Jiyva's grace]
 18906 | D:9      | Found a sparkling altar of Nemelex Xobeh.
 19016 | D:9      | Lost mutation: Your flesh is cold resistant. (rC+) [potion of mutation]
 19016 | D:9      | Lost mutation: You can translocate small distances at will. [potion of mutation]
 19016 | D:9      | Lost mutation: You evolve. [potion of mutation]
 19016 | D:9      | Lost mutation: You passively map a small area around you. [potion of mutation]
 19016 | D:9      | Gained mutation: You are resistant to electric shocks. (rElec) [potion of mutation]
 19016 | D:9      | Gained mutation: Your flesh is heat resistant. (rF+) [potion of mutation]
 19292 | D:9      | Lost mutation: You are resistant to electric shocks. (rElec) [Jiyva's grace]
 19319 | D:9      | Reached **** piety under Jiyva
 19396 | D:9      | Found a snail-covered altar of Cheibriados.
 19412 | D:9      | Lost mutation: Your flesh is heat resistant. (rF+) [Jiyva's grace]
 19528 | D:10     | Entered Level 10 of the Dungeon
 19581 | D:10     | Noticed Oddysee's ghost (novice MiFi)
 19597 | D:10     | Killed Oddysee's ghost
 19597 | D:10     | Gained mutation: You are powered by pain. [demonic ancestry]
 19597 | D:10     | Reached XP level 13. HP: 94/97 MP: 16/16
 20099 | D:10     | Reached ***** piety under Jiyva
 20099 | D:10     | Gained mutation: You are resistant to hostile enchantments. (MR+) [Jiyva's grace]
 20756 | D:11     | Lost mutation: Your natural rate of healing is unusually fast. [Jiyva's grace]
 20760 | D:11     | Found a staircase to the Orcish Mines.
 20917 | D:11     | Gained mutation: You possess an exceptional clarity of mind. [Jiyva's grace]
 20918 | D:11     | Reached ****** piety under Jiyva
 21104 | D:11     | Gained mutation: You have a small jelly attached to you that may absorb incoming projectiles. [Jiyva's grace]
 21310 | D:11     | Found Cigaos's Food Boutique.
 21573 | D:11     | Gained mutation: Your muscles are strong. (Str +2) [Jiyva's grace]
 21619 | Orc:1    | Entered Level 1 of the Orcish Mines
 21762 | Orc:1    | Lost mutation: Your muscles are strong. (Str +2) [Jiyva's grace]
 21802 | Orc:1    | Noticed Erolcha
 22132 | D:12     | Gained mutation: Your flesh is cold resistant. (rC+) [Jiyva's grace]
 22263 | D:12     | You fall through a shaft!
 22492 | D:12     | Found a portal to a secret trove of treasure.
 22771 | Slime:1  | Noticed an azure jelly
 22787 | Slime:1  | Killed an acid blob
 22794 | Slime:1  | You fall through a shaft!
 22794 | Slime:2  | Noticed an azure jelly
 22853 | Slime:3  | Noticed an azure jelly
 23027 | Slime:3  | Noticed an azure jelly
 23039 | Slime:4  | Noticed an azure jelly
 23046 | Slime:5  | Entered Level 5 of the Pits of Slime
 23062 | Slime:5  | Gained mutation: Armour fits poorly on your strangely shaped body. [Jiyva's grace]
 23082 | Slime:5  | Lost mutation: Armour fits poorly on your strangely shaped body. [Jiyva's grace]
 23153 | Slime:5  | Noticed a death ooze
 23153 | Slime:5  | Lost mutation: You are resistant to hostile enchantments. (MR+) [Jiyva's grace]
 23157 | Slime:5  | Killed an acid blob
 23159 | Slime:5  | Noticed an acid blob
 23165 | Slime:5  | Noticed an acid blob
 23171 | Slime:5  | Found a viscous altar of Jiyva.
 23171 | Slime:5  | Gained mutation: Your system is resistant to poisons. (rPois) [Jiyva's grace]
 23173 | Slime:5  | Noticed the Royal Jelly
 23173 | Slime:5  | Noticed an acid blob
 23179 | Slime:5  | Killed an acid blob
 23181 | Slime:5  | Lost mutation: You possess an exceptional clarity of mind. [Jiyva's grace]
 23187 | Slime:5  | Noticed an azure jelly
 23188 | Slime:5  | Noticed an acid blob
 23189 | Slime:5  | Noticed an acid blob
 23192 | Slime:5  | Gained mutation: You have acidic saliva. [Jiyva's grace]
 23197 | Slime:5  | Identified the Papyrus of Evil Magic
 23200 | Slime:5  | Got a slimy rune of Zot
 23212 | Slime:5  | Got a translucent hand crossbow
 23223 | Slime:5  | Got a heavily runed leather armour
 23235 | Slime:5  | Got a distressingly furry ring mail
 23261 | Slime:5  | Noticed an azure jelly
 23271 | Slime:5  | Identified the +3 leather armour of Qehil {rElec rF+++ Str-3 Int-3} (You found it on level 5 of the Pits of Slime)
 23281 | Slime:5  | Identified the cursed +0 ring mail of the Thoughtful Curses {rN+ MR+ Int+2} (You found it on level 5 of the Pits of Slime)
 23338 | Slime:3  | Noticed an azure jelly
 23354 | Slime:2  | Noticed an acid blob
 23443 | Slime:1  | Noticed an azure jelly
 23817 | Orc:1    | Reached skill level 14 in Axes
 23817 | Orc:1    | Reached skill level 1 in Evocations
 23820 | Orc:1    | Lost mutation: Your flesh is cold resistant. (rC+) [Jiyva's grace]
 24056 | Orc:1    | Killed Erolcha
 24293 | Orc:1    | Lost mutation: Your system is resistant to poisons. (rPois) [Jiyva's grace]
 24310 | Orc:1    | Gained mutation: Your flesh is cold resistant. (rC+) [Jiyva's grace]
 24326 | Orc:2    | Entered Level 2 of the Orcish Mines
 24431 | Orc:2    | Found a staircase to the Elven Halls.
 24469 | Orc:2    | Found a roughly hewn altar of Beogh.
 24489 | Orc:2    | Lost mutation: You have a beak for a mouth. [Jiyva's grace]
 24499 | Orc:2    | Found a roughly hewn altar of Beogh.
 24575 | Orc:2    | Gained mutation: You have a small jelly attached to you that senses nearby items. [Jiyva's grace]
 24683 | Orc:2    | Lost mutation: You have a small jelly attached to you that senses nearby items. [Jiyva's grace]
 24693 | Orc:2    | Found a roughly hewn altar of Beogh.
 24694 | Orc:2    | Found Esiq's Food Emporium.
 24783 | Orc:2    | Lost mutation: Your flesh is cold resistant. (rC+) [Jiyva's grace]
 24809 | Orc:2    | Noticed an orc warlord
 24819 | Orc:2    | Slimified an orc warlord
 24819 | Orc:2    | Noticed an azure jelly
 24819 | Orc:2    | an orc warlord changed into an azure jelly
 24822 | Orc:2    | Gained mutation: You evolve. [Jiyva's grace]
 24828 | Orc:2    | Found a roughly hewn altar of Beogh.
 24866 | Orc:2    | Gained mutation: Armour fits poorly on your pseudopods. [Jiyva's grace]
 24880 | Orc:2    | HP: 4/100 [orc warrior/hand axe (20)]
 24880 | Orc:2    | Slain by an orc knight

Skill      XL: |  1  2  3  4  5  6  7  8  9 10 11 12 13 |
---------------+----------------------------------------+-----
Axes           | 3 4 5 6 7 9 10 11 13 14 | 14.2
Throwing       | 2 |  2.0
Dodging        | 3 4 5 6 |  6.1
Armour         | 1 2 3 4 6 7 9 |  9.8
Stealth        | 1 2 3 |  3.8
Fighting       | 3 5 7 8 9 |  9.1
Short Blades   | 1 2 |  2.0
Summonings     | 3 4 6 8 9 |  9.5
Spellcasting   | 1 2 |  2.6
Polearms       | 1 |  1.5
Evocations     | 1 |  1.2

Action                   |  1- 3 |  4- 6 |  7- 9 | 10-12 | 13-15 || total
-------------------------+-------+-------+-------+-------+-------++-------
Melee: War axe           |    72 |    94 |   235 |    75 |       ||   476
       Rapier            |       |       |    10 |     6 |       ||    16
       Battleaxe         |       |       |       |   431 |   409 ||   840
       Spear             |       |       |       |    22 |       ||    22
       Peck              |       |       |       |     7 |    59 ||    66
       Bite              |       |       |       |       |    19 ||    19
       Pseudopods        |       |       |       |       |     2 ||     2
 Cast: Call Canine Famil |       |       |       |    15 |     8 ||    23
Invok: Slimify           |       |       |       |       |     1 ||     1
 Abil: Blink             |       |       |       |     2 |       ||     2
Evoke: Wand              |       |       |       |     7 |     4 ||    11
  Use: Scroll            |       |       |    11 |     7 |     5 ||    23
       Potion            |       |       |     3 |    13 |     4 ||    20
 Stab: Sleeping          |       |     2 |     3 |       |       ||     5
       Distracted        |       |       |       |     3 |     1 ||     4
  Eat: Chunk             |     2 |     8 |    14 |    23 |       ||    47
       Fruit             |       |       |       |     4 |       ||     4
       Royal jelly       |       |       |       |     3 |       ||     3
Armor: Leather armour    |    21 |    22 |       |       |       ||    43
       Ring mail         |       |     9 |    35 |    10 |       ||    54
       Plate armour      |       |       |    28 |   107 |   161 ||   296
       Chain mail        |       |       |       |   191 |    47 ||   238
       Skin              |       |       |       |    40 |       ||    40
Dodge: Dodged            |    59 |    75 |   134 |   417 |   268 ||   953
